 Dungeon Crawl Stone Soup version 0.23.1 (webtiles) character file.

Game seed: 2347115053754956973

175796 Kairos the Imperceptible (level 17, -7/91 HPs)
             Began as a Vine Stalker Assassin on Mar 17, 2019.
             Was a Priest of Uskayaw.
             Mangled by a seven-headed hydra (14 damage)
             ... on level 3 of the Swamp.
             The game lasted 01:11:15 (24731 turns).

Kairos the Imperceptible (Vine Stalker Assassin)   Turns: 24731, Time: 01:11:16

Health: -7/91      AC: 20    Str: 14    XL:     17   Next: 81%
Magic:  0/26       EV: 25    Int: 11    God:    Uskayaw [***...]
Gold:   1320       SH:  7    Dex: 29    Spells: 17/27 levels left

rFire    + . .     SeeInvis .   z - +6 short sword (elec)
rCold    + . .     Gourm    .   V - +0 buckler
rNeg     . . .     Faith    .   n - +3 ring mail
rPois    +         Spirit   +   S - +1 helmet
rElec    +         Reflect  .   Z - +1 cloak of Starlight {rElec rC+ EV+4 Stlth--}
rCorr    +         Harm     .   W - +0 pair of gloves of Ufyseim {Dex+4}
MR       +++..                  J - +0 pair of boots
Stlth    ++++++....             a - amulet of Fallacy {+Rage MR+}
HPRegen  1.05/turn              p - +3 ring of protection
MPRegen  0.20/turn              l - ring "Apomp" {rCorr rF+}

@: lethally poisoned (-7 -> -7)
A: fangs 3, agile 1, poison resistance, regeneration 2, magic shield, antimagic
bite, no potion heal 3, rot immunity
}: 1/15 runes: serpentine
a: Stomp, Line Pass, Renounce Religion, Evoke Berserk Rage


You were on level 3 of the Swamp.
You worshipped Uskayaw.
Uskayaw was noncommittal.
You were not hungry.

You visited 5 branches of the dungeon, and saw 25 of its levels.
You also visited: Ice Cave.

You collected 1722 gold pieces.
You spent 402 gold pieces at shops.

Inventory:

Hand Weapons
 e - a +3 vampiric dagger
 h - a +1 dagger of freezing
 z - a +6 short sword of electrocution (weapon)
 O - a +3 quick blade of draining
Missiles
 w - a throwing net (quivered)
Armour
 b - a +2 scale mail of poison resistance
 n - a +3 ring mail (worn)
 q - a scarf of resistance
 A - the +1 robe of Vithrem {-Tele rF+ rN++}
   (You found it on level 4 of the Dungeon)

   It protects you from fire.
   It greatly protects you from negative energy.
   It prevents most forms of teleportation.
 I - a +2 chain mail of fire resistance
 J - a +0 pair of boots (worn)
 S - a +1 helmet (worn)
 U - a +0 ring mail of cold resistance
 V - a +0 buckler (worn)
 W - the +0 pair of gloves of Ufyseim (worn) {Dex+4}
   (You found it on level 2 of the Snake Pit)

   It affects your dexterity (+4).
 Z - the +1 cloak of Starlight (worn) {rElec rC+ EV+4 Stlth--}
   (You found it on level 6 of the Lair of Beasts)

   It affects your evasion (+4).
   It protects you from cold.
   It insulates you from electricity.
   It makes you much less stealthy.
Jewellery
 a - the amulet of Fallacy (around neck) {+Rage MR+}
   (You found it on level 3 of the Snake Pit)

   [amulet of rage]

   It affects your resistance to hostile enchantments.
   It lets you go berserk.
 l - the ring "Apomp" (right hand) {rCorr rF+}
   (You found it on level 3 of the Snake Pit)

   [ring of resist corrosion]

   It protects you from fire.
 o - an uncursed ring of protection from magic
 p - a +3 ring of protection (left hand)
 M - the ring "Nifaal" {*Tele MR+ Dex+6}
   (You found it on level 1 of the Snake Pit)

   [ring of teleportation]

   It may teleport you next to monsters.
   It affects your dexterity (+6).
   It affects your resistance to hostile enchantments.
 R - an uncursed ring of flight
Wands
 c - a wand of flame (68)
 d - a wand of enslavement (26)
 j - a wand of digging (7)
 r - a wand of clouds (5)
 B - a wand of acid (10)
 G - a wand of iceblast (23)
 Q - a wand of disintegration (31)
 X - a wand of paralysis (12)
Scrolls
 i - 2 scrolls of immolation
 k - 19 scrolls of remove curse
 m - 6 scrolls of amnesia
 v - 8 scrolls of magic mapping
 y - 6 scrolls of teleportation
 C - 3 scrolls of fear
 D - 2 scrolls of enchant armour
 E - a scroll of fog
 F - 3 scrolls of holy word
 H - 4 scrolls of summoning
 Y - 2 scrolls of identify
Potions
 f - 4 potions of flight
 s - 10 potions of curing
 t - 3 potions of mutation
 u - 3 potions of might
 x - a potion of berserk rage
 K - 3 potions of agility
 L - a potion of invisibility
 N - 3 potions of haste
 P - 3 potions of brilliance
 T - 7 potions of lignification
Comestibles
 g - 40 rations


   Skills:
 + Level 11.4 Fighting
 - Level 12.0 Short Blades
 + Level 2.1 Throwing
 + Level 9.2 Armour
 + Level 10.8 Dodging
 + Level 22.0 Stealth
 - Level 4.0 Shields
 * Level 5.6 Spellcasting
 * Level 6.0 Charms
 * Level 2.9 Necromancy
 + Level 0.2 Evocations


You had 17 spell levels left.
You knew the following spells:

 Your Spells              Type           Power        Failure   Level  Hunger
a - Metabolic Englaciati  Hex/Ice        #.........   100%        5    ######.
b - Regeneration          Chrm/Necr      ##........   17%         3    ###....
c - Passwall              Tmut/Erth      #.......     50%         2    ##.....

Your spell library contained the following spells:

 Spells                   Type           Power        Failure   Level  Hunger
 Infusion                 Chrm           ###.         3%          1    None
 Song of Slaying          Chrm           ###.....     4%          2    ##.....
 Shroud of Golubria       Chrm/Tloc      #.........   16%         2    ##.....
 Sublimation of Blood     Necr           #.........   16%         2    ##.....
 Spectral Weapon          Hex/Chrm       #.......     30%         3    ###....
 Apportation              Tloc           #.....       36%         1    None
 Confusing Touch          Hex            #.....       36%         1    None
 Corona                   Hex            #......      36%         1    None
 Magic Dart               Conj           #...         36%         1    None
 Sandblast                Erth           #.....       36%         1    None
 Summon Butterflies       Summ           #.......     36%         1    None
 Call Imp                 Summ           #.......     50%         2    ##.....
 Ensorcelled Hibernation  Hex/Ice        #.....       50%         2    ##.....
 Poisonous Vapours        Pois/Air       #.....       50%         2    ##.....
 Searing Ray              Conj           #.....       50%         2    ##.....
 Call Canine Familiar     Summ           #.......     73%         3    ###....
 Confuse                  Hex            #.......     73%         3    ###....
 Conjure Flame            Conj/Fire      #.......     73%         3    ###....
 Dazzling Spray           Conj/Hex       #.....       73%         3    ###....
 Gell's Gravitas          Tloc           #.........   73%         3    ###....
 Lesser Beckoning         Tloc           #.........   73%         3    ###....
 Mephitic Cloud           Conj/Pois/Air  #.......     73%         3    ###....
 Recall                   Summ/Tloc      N/A          73%         3    ###....
 Stone Arrow              Conj/Erth      #.....       73%         3    ###....
 Tukima's Dance           Hex            #.......     73%         3    ###....
 Iskenderun's Battlesphe  Conj/Chrm      #.......     96%         5    ######.
 Force Lance              Conj/Tloc      #.......     98%         4    ####...
 Fulminant Prism          Conj/Hex       #.........   98%         4    ####...
 Iskenderun's Mystic Bla  Conj           #.......     98%         4    ####...
 Petrify                  Tmut/Erth      #.......     98%         4    ####...
 Alistair's Intoxication  Tmut/Pois      #.......     100%        5    ######.
 Bolt of Magma            Conj/Fire/Erth #.........   100%        5    ######.
 Irradiate                Conj/Tmut      #.........   100%        5    ######.
 Lee's Rapid Deconstruct  Erth           #.........   100%        5    ######.
 Venom Bolt               Conj/Pois      #.........   100%        5    ######.
 Yara's Violent Unravell  Hex/Tmut       #.........   100%        5    ######.
 Freezing Cloud           Conj/Ice/Air   #.........   100%        6    #######
 Hydra Form               Tmut           #.........   100%        6    #######
 Invisibility             Hex            #.......     100%        6    #######
 Iron Shot                Conj/Erth      #.........   100%        6    #######
 Statue Form              Tmut/Erth      #........    100%        6    #######
 Dragon Form              Tmut           #.........   100%        7    #######
 Orb of Destruction       Conj           #.........   100%        7    #######
 Ring of Flames           Chrm/Fire      #.........   100%        7    #######
 Spellforged Servitor     Conj/Summ      #.........   100%        7    #######
 Dragon's Call            Summ           #.........   100%        9    #######


Dungeon Overview and Level Annotations

Branches:
Dungeon (10/15)            Temple (1/1) D:6            Lair (6/6) D:10
  Swamp (4/4) Lair:4        Snake (4/4) Lair:3        Slime (0/5) Lair:5
    Orc: D:9-12

Altars:
Cheibriados
Okawaru
Qazlal
Sif Muna
Trog
Uskayaw
Wu Jian
Zin
Jiyva

Shops:
D:5 !   D:6 ?


Innate Abilities, Weirdness & Mutations

You have razor-sharp teeth.
You heal very quickly.
When hurt, damage is shared between your health and your magic reserves.
Your bite disrupts and absorbs the magic of your enemies.
Potions cannot restore your health.
You are immune to rotting.
You are agile. (Dex +2)
Your system is resistant to poisons. (rPois)


Message History

* * * LOW HITPOINT WARNING * * *
The five-headed hydra bites you!
* * * LOW HITPOINT WARNING * * *
The five-headed hydra barely misses you.
The five-headed hydra bites you.
* * * LOW HITPOINT WARNING * * *
Uskayaw will force your foes to helplessly watch your dance.
Uskayaw prepares the audience for your solo!
The helpless five-headed hydra fails to defend itself.
You stick the five-headed hydra like a pincushion!!!!!
You kill the five-headed hydra!
Your Stealth skill increases to level 22!
You feel sick.
The seven-headed hydra is no longer paralysed.
The seven-headed hydra closely misses you.
The seven-headed hydra bites you but does no damage.
The seven-headed hydra closely misses you. x3
The seven-headed hydra completely misses you.
The seven-headed hydra bites you!!
You die...

≈≈.♣♣♣♣♣♣.≈≈≈≈≈≈♣#.....# ♣♣♣♣
♣♣♣♣ ♣.§≈≈≈≈≈♣#..[(.# ♣♣.♣♣ ≈♣♣♣
♣♣♣≈...♣♣♣##...## ♣.... ≈≈≈♣
♣♣.≈....♣§♣♣##### ♣♣.≈♣ ≈.♣♣
♣.≈≈≈≈♣♣♣.≈♣♣♣♣♣♣♣♣♣ ♣..≈ ≈.♣♣
♣.≈≈...♣♣.≈≈≈≈.♣.♣.♣♣♣♣♣..≈ ≈..♣♣
♣♣♣...≈♣≈.≈≈≈≈≈.≈≈.≈♣.♣♣.≈≈ ≈≈≈.♣
♣♣.....≈≈D≈≈≈≈..♣≈....♣... ≈≈≈.♣
♣♣§..≈≈≈≈≈@≈...≈≈≈≈....)..≈
≈≈.≈♣♣♣≈..≈≈≈≈≈≈§).♣≈≈≈≈..♣..§.≈.
≈≈...≈≈≈.≈≈≈≈≈≈...§............≈.
≈§≈≈≈≈≈...≈≈≈≈≈≈.≈...............
♣.≈≈≈≈..^≈≈≈≈≈≈≈≈≈...###.#####...
♣♣.≈≈≈≈≈≈.≈≈≈≈≈.≈...#....#...'÷..
♣....≈≈≈≈.♣...≈.≈...#....#...#)..
....................#....#...#...
...?#...###..≈≈♣♣...####.#......≈


You could see a seven-headed hydra.

Vanquished Creatures
  Frances (Swamp:2)
  The ghost of Sagen the Devastator, an adept DrCj of Vehumet (Snake:3)
  Kirke (Snake:1)
  5 nagarajas (Snake:4)
  8 thorn hunters
  Aizul (Snake:1)
  2 very ugly things
  2 blizzard demons (IceCv)
  Harold (D:8)
  11 naga warriors
  Fannar (D:10)
  2 ghost crabs
  12 hydras
  3 shambling mangroves
  2 anacondas (Snake:3)
  9 alligators
  A centaur warrior (D:10)
  Urug (Lair:1)
  12 naga sharpshooters
  12 shock serpents
  3 spriggans
  Nergalle (D:10)
  3 salamander mystics
  6 swamp dragons
  3 naga ritualists (Snake:4)
  2 spriggan druids (Swamp:3)
  Pikel (D:6)
  5 mana vipers
  12 salamanders
  24 black mambas
  2 moths of wrath (Snake:3)
  Maurice (D:8)
  A centaur zombie (D:7)
  26 naga magi
  3 guardian serpents
  20 elephants
  5 ice statues
  30 spiny frogs
  8 komodo dragons
  An anaconda simulacrum (IceCv)
  2 golden dragon simulacra (IceCv)
  3 meliai (Lair:6)
  10 ice devils (IceCv)
  A queen bee (Lair:6)
  9 tyrant leeches
  8 hornets
  Prince Ribbit (D:7)
  27 blink frogs
  6 slime creatures (Swamp:3)
  2 bog bodies
  5 hippogriffs
  Eustachio (D:5)
  A shadow (Swamp:2)
  2 dire elephant simulacra (IceCv)
  34 yaks
  6 hogs
  3 basilisks
  A hungry ghost (D:10)
  A human (D:7)
  Grum (D:10)
  A steam dragon (D:7)
  18 vampire mosquitoes
  An insubstantial wisp (Swamp:2)
  Menkaure (D:7)
  16 swamp worms
  2 harpy simulacra (IceCv)
  30 nagas
  14 water moccasins
  2 hydra simulacra (IceCv)
  A porcupine (Lair:3)
  3 black bears
  An ice beast (D:5)
  6 swamp drakes
  An ettin simulacrum (IceCv)
  3 orc warriors
  2 slaves (D:5)
  18 wolves
  A centaur (D:9)
  4 ogres
  A phantom (D:7)
  8 crocodiles
  3 big kobolds
  23 bullfrogs
  A gnoll sergeant (D:2)
  2 wyvern skeletons
  2 scorpions
  21 killer bees (Lair:6)
  4 wights (D:8)
  3 howler monkeys
  4 electric eels
  4 crimson imps
  A bullfrog zombie (D:7)
  7 hounds
  4 orc priests
  2 jellies
  Crazy Yiuf (D:7)
  5 centaur skeletons
  2 bullfrog skeletons
  A gnoll shaman (D:2)
  2 iguanas
  20 orc wizards
  5 worker ants
  A hound zombie (D:5)
  A hound skeleton (D:5)
  A worker ant zombie (D:5)
  46 gnolls
  A howler monkey skeleton (D:10)
  13 adders
  A shadow imp (D:8)
  2 oozes
  A dart slug (D:4)
  4 leopard geckos
  54 orcs
  3 giant cockroaches
  6 goblins
  7 hobgoblins
  25 jackals
  2 quokkas
  A ball python (D:3)
  2 bats
  6 frilled lizards
  A jackal skeleton (D:6)
  32 kobolds
  A leopard gecko skeleton (D:6)
  A leopard gecko zombie (D:5)
  2 quokka skeletons
  6 rats
  A plant (Lair:5)
841 creatures vanquished.

Vanquished Creatures (others)
  A spriggan (Swamp:3)
  3 insubstantial wisps (Swamp:2)
  2 nagas (Snake:4)
  A swamp worm (Swamp:3)
  A leopard gecko (D:6)
  A jackal (D:6)
  A briar patch (Swamp:4)
  22 fungi
  47 plants
  7 toadstools (Swamp:3)
86 creatures vanquished.

Grand Total: 927 creatures vanquished

Notes
Turn   | Place    | Note
-------+----------+-------------------------------------------
     0 | D:1      | Kairos the Vine Stalker Assassin began the quest for the
                  | Orb.
     0 | D:1      | Reached XP level 1. HP: 11/11 MP: 2/2
    44 | D:1      | Reached skill level 5 in Stealth
   124 | D:1      | Reached XP level 2. HP: 15/15 MP: 3/3
   613 | D:2      | Reached XP level 3. HP: 8/18 MP: 2/4
   741 | D:2      | Found a deep blue altar of Sif Muna.
  1445 | D:2      | Reached skill level 6 in Stealth
  1445 | D:2      | Gained mutation: Your natural rate of healing is unusually
                  | fast. [Vine Stalker growth]
  1445 | D:2      | Reached XP level 4. HP: 17/23 MP: 5/5
  1762 | D:2      | Reached skill level 1 in Dodging
  1891 | D:3      | Reached XP level 5. HP: 26/27 MP: 6/6
  2007 | D:3      | Reached skill level 1 in Armour
  2316 | D:3      | Reached XP level 6. HP: 30/32 MP: 5/7
  3008 | D:3      | Reached XP level 7. HP: 36/36 MP: 8/8
  4190 | D:4      | Gained mutation: You have razor-sharp teeth. [Vine Stalker
                  | growth]
  4190 | D:4      | Reached XP level 8. HP: 40/42 MP: 6/9
  4614 | D:4      | Reached skill level 5 in Short Blades
  4893 | D:4      | Got a smoking robe
  4911 | D:4      | Identified the +1 robe of Vithrem {-Tele rF+ rN++} (You
                  | found it on level 4 of the Dungeon)
  5194 | D:5      | Entered Level 5 of the Dungeon
  5209 | D:5      | Noticed Eustachio
  5227 | D:5      | Killed Eustachio
  5249 | D:5      | Found Xushreg's Distillery.
  5348 | D:5      | Reached skill level 7 in Stealth
  5397 | D:5      | Reached XP level 9. HP: 46/46 MP: 10/10
  5736 | D:5      | Found a stormy altar of Qazlal.
  5917 | D:5      | Bought 2 potions of mutation for 208 gold pieces
  5917 | D:5      | Gained mutation: You are agile. (Dex +2) [potion of
                  | mutation]
  5917 | D:5      | Gained mutation: Your system is resistant to poisons.
                  | (rPois) [potion of mutation]
  5944 | D:6      | Noticed Pikel
  6062 | D:6      | Reached skill level 5 in Fighting
  6096 | D:6      | Killed Pikel
  6273 | D:6      | Found a staircase to the Ecumenical Temple.
  6284 | Temple   | Entered the Ecumenical Temple
  6289 | Temple   | Became a worshipper of Uskayaw the Reveler
  6301 | D:6      | Found Hoick's Magic Scroll Shoppe.
  6307 | D:6      | Reached * piety under Uskayaw
  6323 | D:6      | Bought a scroll of enchant weapon for 97 gold pieces
  6323 | D:6      | Bought a scroll of enchant weapon for 97 gold pieces
  6435 | D:6      | Got an ancient leather armour
  6446 | D:6      | Identified the +1 leather armour of Qiabby {+Fly rElec
                  | Int+5 Dex-3} (You found it on level 6 of the Dungeon)
  6595 | D:7      | Reached skill level 8 in Stealth
  6644 | D:7      | Reached ** piety under Uskayaw
  6722 | D:7      | Reached XP level 10. HP: 51/51 MP: 11/11
  6729 | D:7      | Noticed Menkaure
  6736 | D:7      | Killed Menkaure
  6866 | D:7      | Reached skill level 5 in Dodging
  6872 | D:7      | Noticed Prince Ribbit
  6915 | D:7      | Killed Prince Ribbit
  6975 | D:7      | Reached *** piety under Uskayaw
  6978 | D:7      | Reached **** piety under Uskayaw
  6980 | D:7      | Reached skill level 5 in Armour
  6980 | D:7      | Reached ***** piety under Uskayaw
  7165 | D:7      | Found a runed translucent door.
  7166 | D:7      | Noticed Crazy Yiuf
  7519 | D:7      | Killed Crazy Yiuf
  7519 | D:7      | Reached skill level 9 in Stealth
  7534 | D:7      | Got a fine mace
  7584 | D:7      | Identified the +11 mace "Giantslayer" {crush, +Blink rF++}
                  | (You found it on level 7 of the Dungeon)
  7720 | D:8      | Found the +5 demon whip "Spellbinder" {antimagic, MR+}
  7922 | D:8      | Noticed Maurice
  7943 | D:8      | Killed Maurice
  7957 | D:8      | Noticed Harold
  7966 | D:8      | Killed Harold
  7966 | D:8      | Reached skill level 10 in Stealth
  7966 | D:8      | Reached XP level 11. HP: 44/56 MP: 9/12
  8084 | D:8      | Learned a level 5 spell: Metabolic Englaciation
  8145 | D:9      | Reached ****** piety under Uskayaw
  8568 | D:9      | Learned a level 3 spell: Regeneration
  8855 | D:10     | Entered Level 10 of the Dungeon
  8901 | D:10     | Noticed Fannar
  8909 | D:10     | Killed Fannar
  8910 | D:10     | Noticed Nergalle
  8946 | D:10     | Killed Nergalle
  9004 | D:10     | Reached skill level 11 in Stealth
  9079 | D:10     | Noticed Grum
  9102 | D:10     | Killed Grum
  9175 | D:10     | Noticed a centaur warrior
  9182 | D:10     | Killed a centaur warrior
  9363 | D:10     | Found a staircase to the Lair.
  9575 | Lair:1   | Entered Level 1 of the Lair of Beasts
  9592 | Lair:1   | Reached skill level 10 in Short Blades
  9744 | Lair:1   | Gained mutation: You heal very quickly. [Vine Stalker
                  | growth]
  9744 | Lair:1   | Reached XP level 12. HP: 55/63 MP: 13/13
  9840 | Lair:1   | Reached skill level 12 in Stealth
  9874 | Lair:1   | Noticed Urug
  9890 | Lair:1   | HP: 1/63 [Urug/+3 great sword (21)]
 10103 | Lair:1   | Found a snail-covered altar of Cheibriados.
 10127 | Lair:1   | Killed Urug
 11084 | Lair:3   | Found a staircase to the Snake Pit.
 11098 | Lair:3   | Reached skill level 13 in Stealth
 11434 | Lair:3   | Reached skill level 14 in Stealth
 11699 | Lair:3   | Reached skill level 1 in Shields
 11704 | Lair:3   | Reached XP level 13. HP: 61/67 MP: 12/14
 12676 | Lair:4   | Found a staircase to the Swamp.
 13481 | Lair:5   | Found a staircase to the Slime Pits.
 13481 | Lair:5   | Found a viscous altar of Jiyva.
 13616 | Lair:5   | Reached skill level 15 in Stealth
 14127 | Lair:6   | Entered Level 6 of the Lair of Beasts
 14353 | Lair:6   | Found the +1 cloak of Starlight {rElec rC+ EV+4 Stlth--}
 14599 | Lair:6   | Reached XP level 14. HP: 74/74 MP: 15/15
 14777 | Lair:6   | Reached skill level 16 in Stealth
 15236 | Lair:6   | Identified the Reference Book on Black Rites and the Escort
 15727 | Snake:1  | Entered Level 1 of the Snake Pit
 15805 | Snake:1  | Got a warped pewter ring
 15807 | Snake:1  | Identified the ring "Nifaal" {*Tele MR+ Dex+6} (You found
                  | it on level 1 of the Snake Pit)
 15907 | Snake:1  | Noticed Aizul
 15910 | Snake:1  | Killed Aizul
 16000 | Snake:1  | Reached skill level 17 in Stealth
 16413 | Snake:1  | Identified a scroll of acquirement
 16478 | Snake:1  | Noticed Kirke
 16501 | Snake:1  | Killed Kirke
 16501 | Snake:1  | Reached XP level 15. HP: 73/79 MP: 13/16
 16767 | Snake:2  | Got a pair of fine gloves
 16804 | Snake:2  | Identified the +0 pair of gloves of Ufyseim {Dex+4} (You
                  | found it on level 2 of the Snake Pit)
 17019 | Snake:2  | Reached skill level 18 in Stealth
 18113 | Snake:3  | Found a transporter.
 18120 | Snake:3  | Found a transporter.
 18263 | Snake:3  | Noticed Sagen's ghost (adept DrCj)
 18752 | Snake:3  | Reached skill level 19 in Stealth
 18816 | Snake:3  | Killed Sagen's ghost
 18821 | Snake:3  | Got a clouded ruby amulet
 18823 | Snake:3  | Got a flickering platinum ring
 18825 | Snake:3  | Identified the amulet of Fallacy {+Rage MR+} (You found it
                  | on level 3 of the Snake Pit)
 18834 | Snake:3  | Identified the ring "Apomp" {rCorr rF+} (You found it on
                  | level 3 of the Snake Pit)
 18914 | Snake:4  | Entered Level 4 of the Snake Pit
 18944 | Snake:4  | Reached skill level 10 in Fighting
 19237 | Snake:4  | Noticed a nagaraja
 19254 | Snake:4  | Killed a nagaraja
 19298 | Snake:4  | Reached XP level 16. HP: 66/85 MP: 12/17
 19329 | Snake:4  | Reached skill level 20 in Stealth
 19377 | Snake:4  | Noticed a nagaraja
 19377 | Snake:4  | Noticed a nagaraja
 19381 | Snake:4  | Killed a nagaraja
 19402 | Snake:4  | Killed a nagaraja
 19560 | Snake:4  | Reached skill level 1 in Charms
 19561 | Snake:4  | Reached skill level 1 in Spellcasting
 19602 | Snake:4  | Reached skill level 10 in Dodging
 19620 | Snake:4  | Noticed a nagaraja
 19674 | Snake:4  | Killed a nagaraja
 19758 | Snake:4  | Noticed a nagaraja
 19784 | Snake:4  | Killed a nagaraja
 19936 | Snake:4  | Got a serpentine rune of Zot
 20584 | Swamp:1  | Entered Level 1 of the Swamp
 20611 | Swamp:1  | Noticed a thorn hunter
 20641 | Swamp:1  | Killed a thorn hunter
 20882 | Swamp:1  | Noticed a thorn hunter
 20912 | Swamp:1  | Killed a thorn hunter
 21202 | Swamp:1  | Reached skill level 21 in Stealth
 21616 | Swamp:2  | Noticed Frances
 21643 | Swamp:2  | Killed Frances
 21829 | Swamp:2  | Reached XP level 17. HP: 81/91 MP: 22/24
 22901 | Swamp:3  | Found a frozen archway.
 22922 | Swamp:3  | Learned a level 2 spell: Passwall
 22927 | IceCv    | Entered an ice cave
 23326 | IceCv    | Reached skill level 5 in Charms
 23425 | IceCv    | Reached skill level 1 in Necromancy
 23446 | IceCv    | Reached skill level 5 in Spellcasting
 24362 | Swamp:4  | Entered Level 4 of the Swamp
 24731 | Swamp:3  | Reached skill level 22 in Stealth
 24731 | Swamp:3  | Mangled by a seven-headed hydra

Skill      XL: |  1  2  3  4  5  6  7  8  9 10 11 12 13 14 15 16 17 |
---------------+----------------------------------------------------+-----
Stealth        | 5 6 7 8 10 11 14 15 17 19 21 22 | 22.0
Fighting       | 2 3 4 5 6 7 8 9 10 11 | 11.4
Short Blades   | 2 3 4 6 7 9 10 11 12 | 12.0
Dodging        | 1 2 3 4 5 6 7 8 9 10 | 10.8
Armour         | 1 2 3 4 5 6 7 8 9 |  9.2
Throwing       | 2 |  2.1
Shields        | 1 3 4 |  4.0
Charms         | 4 6 |  6.0
Spellcasting   | 4 5 |  5.6
Necromancy     | 2 |  2.9
Evocations     | |  0.2

Action                   |  1- 3 |  4- 6 |  7- 9 | 10-12 | 13-15 | 16-18 || total
-------------------------+-------+-------+-------+-------+-------+-------++-------
Melee: Dagger            |    79 |   337 |   383 |    86 |       |       ||   885
       Bite              |    17 |   109 |   229 |   242 |   530 |   622 ||  1749
       Short sword       |       |       |   258 |   514 |   735 |   587 ||  2094
       Quick blade       |       |       |       |       |   406 |   526 ||   932
Throw: Throwing net      |       |       |       |     1 |       |       ||     1
Invok: Line Pass         |       |       |       |       |       |     1 ||     1
Evoke: Wand              |       |       |       |       |     2 |       ||     2
  Use: Scroll            |     3 |     1 |     6 |    12 |    11 |     5 ||    38
       Potion            |       |       |     1 |       |       |     1 ||     2
 Stab: Sleeping          |     7 |     3 |    12 |    29 |    32 |    29 ||   112
       Distracted        |       |       |     1 |     2 |     5 |     4 ||    12
       Paralysed         |       |       |       |    21 |    69 |    41 ||   131
       Held in net/web   |       |       |       |     2 |       |       ||     2
       Confused          |       |       |       |       |       |     1 ||     1
  Eat: Chunk             |     2 |     4 |    18 |    14 |    13 |     3 ||    54
       Ration            |       |       |       |       |     3 |     5 ||     8
Armor: Robe              |     3 |       |       |       |       |       ||     3
       Ring mail         |    29 |   143 |   226 |   154 |   204 |   156 ||   912
       Leather armour    |       |       |       |       |    20 |       ||    20
Dodge: Dodged            |    38 |   192 |   329 |   275 |   555 |   569 ||  1958
Block: Buckler           |       |       |       |    16 |   211 |   227 ||   454
